AoeStats
← toniotomassi

Arabia

508572704Analyzed
3v3 RM · 9d ago on Sep 23, 2026· 14m 49s· 6 players
Game mode
Random Map
Map size
Normal (6 player)
Population
200
Speed
Normal
Resources
Standard
Victory
Conquest
Starting age
Dark Age
Ending age
Imperial Age
RankedLock teamsTeams togetherTeam positionsShared explorationLock speedFull tech treeHidden civsTurbo modeCheats
Victory
Defeat
🇨🇱 Danes · Chile
760
+17
🇨🇱 Mongols · Chile
747
+17
🇵🇪 Persians · Peru
722
+18
🇦🇷 Goths · Argentina
834
-19
🇹🇷 Turks · Türkiye
763
-17
🇨🇴 Spanish · Colombia
737
-16
Carrizuwu
11:39 Feudal Age
12:15 Man-at-Arms
14:07 Forging
14:39 Scale Mail Armor
alfredo296gomez
2:05 Loom
9:14 Feudal Age
musoq
10:57 Feudal Age
13:50 Bloodlines
toniotomassi
0:27 Loom
12:30 Feudal Age
13:47 Wheelbarrow
14:12 Double-Bit Axe
AloneArcher
11:37 Feudal Age
JERIAS0945
12:25 Feudal Age
14:27 Loom
Connection lost

Rejoining the realm…

Still unreachable

The connection could not be restored.

Session expired

The server has moved on; the page needs a fresh start.